Map: [ESL] Oceanborn

Players

Future - Winner!

  • Race: Terran Terran
  • Spawn Location: 5:00

DisK

  • Race: Protoss Protoss
  • Spawn Location: 11:00

Event: ESL SC2 Masters 2024 Spring (Regional)

VOD

Have the link to the VOD?

Description

Time

  • Played on: April 12, 2024, 3:16 p.m.
  • Length: 8:39

All games in this series

Show
View Real Time Build Order
Export as new Build Order

Future Terran - Winner!

Build Orders:  

Get SALT Encoding   

  12  0:00  SCV  
  13  0:12  SCV  
  14  0:16  Supply Depot  
  14  0:24  SCV  
  15  0:38  SCV  
  15  0:40  Barracks  
  16  0:43  Refinery  
  16  0:50  SCV  
  17  1:02  SCV  
  18  1:14  SCV  
  19  1:26  Orbital Command, Marine  
  20  1:43  Command Center  
  20  1:45  Barracks Reactor  
  20  1:52  SCV  
  21  1:55  Supply Depot  
  21  2:04  SCV  
  21  2:07  Factory  
  22  2:16  SCV  
  22  2:17  Refinery  
  22  2:21  Marine x2  
  25  2:28  SCV  
  26  2:39  Marine x2  
  26  2:40  SCV  
  29  2:52  SCV, Starport  
  29  2:55  Widow Mine  
  29  2:56  Orbital Command  
  32  2:58  Marine x2  
  32  3:04  SCV  
  35  3:16  SCV  
  35  3:18  Marine x2  
  35  3:19  Widow Mine  
  40  3:22  SCV  
  41  3:27  Supply Depot  
  41  3:29  SCV  
  41  3:34  SCV  
  43  3:35  Medivac  
  43  3:38  Supply Depot  
  46  3:42  SCV  
  46  3:44  Factory Tech Lab  
  46  3:48  Marine x2  
  46  3:49  SCV  
  46  3:52  Supply Depot  
  46  3:54  SCV  
  50  4:01  SCV  
  54  4:02  Siege Tank  
  54  4:06  SCV, Marine x2  
  54  4:07  Liberator  
  60  4:13  SCV  
  60  4:14  Supply Depot  
  61  4:18  SCV  
  61  4:21  Supply Depot  
  62  4:24  Marine x2  
  62  4:25  SCV  
  62  4:30  SCV  
  66  4:34  Siege Tank  
  67  4:42  SCV  
  66  4:46  Marine x2  
  66  4:48  SCV  
  66  4:51  Supply Depot  
  67  4:52  Medivac  
  67  4:54  Barracks  
  67  4:56  SCV, Barracks  
  70  5:00  SCV  
  70  5:03  Bunker  
  70  5:04  Refinery  
  70  5:05  Engineering Bay, Refinery  
  71  5:08  SCV  
  71  5:11  Marine x2  
  71  5:12  SCV  
  75  5:19  Siege Tank, Supply Depot  
  75  5:21  SCV  
  79  5:22  Supply Depot  
  79  5:24  SCV  
  79  5:25  Starport Tech Lab  
  80  5:32  Terran Infantry Weapons Level 1  
  80  5:33  SCV, Marine x2  
  83  5:36  Supply Depot  
  77  5:45  Barracks Tech Lab  
  77  5:46  SCV x2  
  66  5:54  Starport Reactor  
  59  5:58  SCV  
  59  5:59  SCV  
  61  6:08  Stimpack  
  61  6:10  SCV  
  62  6:18  SCV  
  63  6:20  Combat Shield  
  63  6:22  SCV  
  63  6:24  Marine x3  
  67  6:26  Marine  
  67  6:30  SCV  
  69  6:34  SCV  
  70  6:42  Marine x2  
  70  6:43  Medivac, Marauder  
  70  6:44  Marauder  
  79  6:47  SCV x2  
  79  6:48  Medivac  
  82  6:59  SCV x2  
  82  7:01  Marine x2  
  84  7:04  Marauder  
  84  7:05  Marauder  
  90  7:10  Siege Tank  
  90  7:11  SCV x2  
  90  7:15  Medivac  
  96  7:25  Marine x2  
  96  7:26  Marauder  
  96  7:27  SCV x2, Marauder  
  103  7:35  Medivac  
  104  7:39  SCV x2  
  104  7:42  Siege Tank  
  104  7:43  Marine x2  
  110  7:47  Marauder  
  110  7:48  Marauder  
  110  7:49  Supply Depot  
  110  7:50  Supply Depot  
  114  7:57  Missile Turret x2  
  112  8:08  Marauder  
  112  8:11  Marine  
  106  8:21  SCV x2  
Show
View Real Time Build Order
Export as new Build Order

DisK Protoss 

Build Orders: 1 Gate Expand, Blink Stalkers 

Get SALT Encoding   

  12  0:00  Probe  
  13  0:12  Probe  
  14  0:17  Pylon  
  14  0:24  Probe (Chrono Boost)  
  15  0:35  Gateway  
  15  0:37  Probe (Chrono Boost)  
  16  0:45  Probe (Chrono Boost)  
  16  0:46  Assimilator  
  17  0:51  Probe  
  18  1:03  Probe  
  19  1:15  Probe  
  20  1:22  Cybernetics Core  
  22  1:32  Nexus  
  20  1:34  Probe  
  21  1:42  Pylon  
  21  1:47  Assimilator  
  21  1:49  Probe  
  22  1:57  Adept (Chrono Boost)  
  22  1:59  Warp Gate  
  24  2:02  Probe  
  25  2:14  Probe  
  26  2:21  Twilight Council  
  26  2:24  Adept (Chrono Boost)  
  26  2:26  Probe  
  29  2:38  Gateway  
  29  2:41  Probe (Chrono Boost)  
  30  2:44  Probe (Chrono Boost)  
  32  2:52  Blink (Chrono Boost)  
  32  2:54  Probe (Chrono Boost)  
  32  2:55  Probe (Chrono Boost)  
  33  3:00  Probe  
  34  3:11  Probe  
  35  3:14  Probe  
  36  3:23  Probe  
  36  3:25  Robotics Facility  
  36  3:27  Probe  
  36  3:32  Gateway x2  
  36  3:36  Probe  
  36  3:39  Probe  
  36  3:41  Assimilator  
  38  3:43  Pylon  
  38  3:47  Stalker  
  40  3:49  Stalker  
  40  3:51  Probe  
  40  3:53  Probe  
  44  4:06  Probe x2  
  44  4:08  Warp Prism (Chrono Boost)  
  46  4:11  Stalker  
  46  4:15  Stalker  
  52  4:19  Pylon  
  53  4:28  Pylon  
  53  4:29  Stalker  
  52  4:47  Stalker x3  
  54  4:52  Stalker  
  54  4:57  Probe x2  
  58  5:10  Stalker x3  
  64  5:16  Stalker  
  64  5:19  Pylon  
  64  5:44  Stalker x4  
  69  5:55  Probe x2  
  56  6:07  Probe  
  54  6:12  Stalker x3  
  54  6:13  Stalker  
  62  6:19  Probe x2 (Chrono Boost)  
  64  6:29  Probe x2 (Chrono Boost)  
  64  6:30  Dark Shrine  
  66  6:36  Probe x2  
  68  6:42  Pylon  
  68  6:44  Charge (Chrono Boost)  
  68  6:50  Gateway  
  68  6:51  Gateway  
  66  6:55  Probe x2  
  68  7:08  Probe x2  
  70  7:10  Pylon  
  70  7:19  Zealot x4  
  78  7:24  Pylon  
  78  7:31  Shield Battery  
  76  7:47  Probe x2  
  76  7:48  Dark Templar x2  
  76  7:50  Dark Templar x2  
  76  7:51  Zealot x2  
  80  8:12  Dark Templar  
  74  8:19  Dark Templar  
  52  8:29  Stalker x2  
Tags
 
Add a new tag
Caveats
  • Supply blocks, unpowered buildings, or Contaminate may cause inaccurate times.
  • Supply counts are checked every 10 seconds.